 Dungeon Crawl Stone Soup version 0.27-a0-1557-g57f10a385c (webtiles) character file.

Game seed: 16371652580992009491

995 voltaire321 the Conjurer (level 7, -1/60 HPs)
             Began as a White Draconian Conjurer on July 15, 2021.
             Slain by a hornet zombie (6 damage)
             ... on level 5 of the Dungeon.
             The game lasted 00:28:40 (5115 turns).

voltaire321 the Conjurer (White Draconian Conjurer) Turns: 5115, Time: 00:28:41

Health: -1/60      AC:  9    Str: 11    XL:     7   Next: 99%
Magic:  1/13       EV: 12    Int: 19    God:
Gold:   178        SH:  0    Dex:  9    Spells: 12/15 levels left

rFire    . . .     SeeInvis .   a - +0 dagger
rCold    + . .     Faith    .   (no shield)
rNeg     . . .     Spirit   .   (armour unavailable)
rPois    .         Reflect  .   (helmet restricted)
rElec    .         Harm     .   (no cloak)
rCorr    .         Rampage  .   h - +2 pair of gloves
Will     +....                  (no boots)
Stlth    ++........             (no amulet)
HPRegen  0.20/turn              j - ring of willpower
MPRegen  0.13/turn              (no ring)

@: about to teleport
A: breathe frost, AC +6, unfitting armour, cold resistance 1, cold-blooded
a: Breathe Frost


You were on level 5 of the Dungeon.
You visited 1 branch of the dungeon, and saw 5 of its levels.

You collected 178 gold pieces.

Inventory:

Hand Weapons
 a - a +0 dagger (weapon)
Missiles
 d - 2 atropa-tipped darts
 i - 19 poisoned darts
Armour
 h - a +2 pair of gloves (worn)
Magical Staves
 n - a staff of earth
Jewellery
 j - a ring of willpower (left hand)
Scrolls
 b - a scroll of summoning {unknown}
 c - a scroll of identify
 o - a scroll of fog {unknown}
Potions
 e - a potion of curing {unknown}
 f - a potion of mutation {unknown}
 k - 3 potions of invisibility {unknown}
 l - a potion of haste {unknown}
 m - 2 potions of lignification {unknown}


   Skills:
 + Level 4.8 Fighting
 + Level 4.4 Dodging
 - Level 1.7 Stealth
 + Level 4.6 Spellcasting
 + Level 6.1 Conjurations


You had 12 spell levels left.
You knew the following spells:

 Your Spells              Type           Power      Damage    Failure   Level
a - Magic Dart            Conj           100%       1d8       1%          1
b - Searing Ray           Conj           54%        3d5       1%          2

Your spell library contained the following spells:

 Spells                   Type           Power      Damage    Failure   Level
 Foxfire                  Conj/Fire      60%        2x1d7     3%          1
 Conjure Flame            Conj/Fire      15%        6-21      11%         3
 Dazzling Flash           Conj/Hex       30%        N/A       11%         3
 Mephitic Cloud           Conj/Pois/Air  12%        N/A       17%         3
 Blink                    Tloc           N/A        N/A       21%         2
 Poisonous Vapours        Pois/Air       8%         N/A       21%         2
 Inner Flame              Hex/Fire       4%         N/A       36%         3
 Fulminant Prism          Conj/Hex       7%         3d7       36%         4
 Iskenderun's Mystic Bla  Conj/Tloc      15%        2d5       36%         4
 Lightning Bolt           Conj/Air       7%         1d20      71%         5
 Airstrike                Air            2%         N/A       78%         4
 Summon Lightning Spire   Summ/Air       4%         N/A       78%         4
 Freezing Cloud           Conj/Ice/Air   6%         6-21      83%         5
 Manifold Assault         Tloc           4%         N/A       98%         5
 Storm Form               Tmut/Air       2%         N/A       100%        7


Dungeon Overview and Level Annotations

Branches:
Dungeon (5/15)
 Temple: D:4-7

Altars:
Kikubaaqudgha
Trog
Wu Jian

Annotations:
D:2 1 runed translucent door, Crazy Yiuf


Innate Abilities, Weirdness & Mutations

You can breathe waves of freezing cold which knock back foes.
Your icy white scales are hard. (AC +6)
You cannot fit into any form of body armour.
Your flesh is cold resistant. (rC+)
You are cold-blooded and may be slowed by cold attacks.


Message History

The hornet zombie hits you but does no damage.
The hornet zombie misses you.
You hit the hornet zombie.
The hornet zombie is almost destroyed.
The hornet zombie completely misses you.
You hit the hornet zombie.
The hornet zombie is almost destroyed.
The hornet zombie closely misses you.
You closely miss the hornet zombie.
The hornet zombie is almost destroyed.
The hornet zombie hits you! The hornet zombie closely misses you.
You hit the hornet zombie.
The hornet zombie is almost destroyed.
The hornet zombie closely misses you.
You closely miss the hornet zombie.
The hornet zombie is almost destroyed.
The hornet zombie hits you.
You closely miss the hornet zombie.
The hornet zombie is almost destroyed.
The hornet zombie hits you!
You barely miss the hornet zombie.
The hornet zombie is almost destroyed.
The hornet zombie hits you. The hornet zombie hits you!
* * * LOW HITPOINT WARNING * * *
Okay, then.
As you read the scroll of teleportation, it crumbles to dust.
You feel strangely unstable. The hornet zombie closely misses you.
Casting: Searing Ray (safe; 1% risk of failure)
Confirm with . or Enter, or press ? or * to list all spells.
Aiming: Magic Dart (safe; 1% risk of failure)
Press: ? - help, Shift-Dir - straight line, f/p - hornet zombie
Aim: a hornet zombie (almost destroyed, 100% to hit)
The magic dart hits the hornet zombie.
The hornet zombie is almost destroyed.
The hornet zombie hits you!
* * * LOW HITPOINT WARNING * * *
You hit the hornet zombie but do no damage.
The hornet zombie is almost destroyed.
The hornet zombie hits you.
You die...

####...###########...####
+.......................'
####...###########...####
#........)# #..## #
#.###.###.# #.## # #.#
#.# #.# #.# #.# ##>#
#.###.###.# #..#
#.....Z@..# #.##
.....#.##### ##.## ### #.
##...## #. #.....#### #.
#........# .. #.....##.#
## ##...###.## ##### #...
####


You could see a hornet zombie.

Vanquished Creatures
  Prince Ribbit (D:5)
  A necrophage (D:5)
  An ogre (D:5)
  2 centaurs
  2 scorpions
  A howler monkey (D:5)
  A centaur zombie (D:5)
  2 jellies
  A hound (D:5)
  A hound skeleton (D:5)
  A howler monkey skeleton (D:5)
  4 adders
  An ufetubus (D:5)
  A worm (D:2)
  6 dart slugs
  2 orcs
  8 endoplasms
  3 giant cockroaches
  7 goblins
  5 hobgoblins
  14 jackals
  6 kobolds
  7 quokkas
  9 ball pythons
  6 bats
  2 frilled lizards
  4 rats (D:2)
99 creatures vanquished.

Vanquished Creatures (others)
  A fungus (D:2)
1 creature vanquished.

Grand Total: 100 creatures vanquished

Notes
Turn   | Place    | Note
-------+----------+-------------------------------------------
     0 | D:1      | voltaire321 the Draconian Conjurer began the quest for the
                  | Orb.
     0 | D:1      | Reached XP level 1. HP: 14/14 MP: 3/3
   383 | D:1      | Reached XP level 2. HP: 22/22 MP: 3/5
   386 | D:1      | Learned a level 2 spell: Searing Ray
   641 | D:1      | Reached skill level 1 in Fighting
   865 | D:1      | Reached XP level 3. HP: 28/28 MP: 1/6
  1088 | D:1      | Found a faded altar of an unknown god.
  1651 | D:2      | Noticed a scorpion
  1743 | D:2      | Killed a scorpion
  1744 | D:2      | Reached XP level 4. HP: 32/36 MP: 1/8
  2602 | D:2      | Found a runed translucent door.
  2603 | D:2      | Noticed Crazy Yiuf
  2658 | D:3      | Found an ancient bone altar of Kikubaaqudgha.
  2660 | D:3      | Found an ornate altar of the Wu Jian Council.
  2661 | D:3      | Found a bloodstained altar of Trog.
  2722 | D:3      | Reached XP level 5. HP: 42/42 MP: 4/9
  3191 | D:3      | Noticed a centaur
  3199 | D:3      | Killed a centaur
  3921 | D:4      | Reached skill level 5 in Conjurations
  3921 | D:4      | Reached XP level 6. HP: 51/51 MP: 0/11
  4048 | D:4      | You fall into a shaft and drop 1 floor!
  4048 | D:5      | Entered Level 5 of the Dungeon
  4274 | D:5      | Noticed Prince Ribbit
  4288 | D:5      | Killed Prince Ribbit
  4289 | D:5      | Your scales start taking on an icy white colour.
  4289 | D:5      | Reached XP level 7. HP: 43/59 MP: 0/13
  4289 | D:5      | Gained mutation: Your flesh is cold resistant. (rC+) [White
                  | Draconian growth]
  4752 | D:5      | Reached skill level 6 in Conjurations
  5115 | D:5      | Slain by a hornet zombie

Illustrated notes

Levels and vault maps discovered:
D:1:      saegor_arrival_simple_d, layout_basic,
          hellmonk_ecumenical_altar_pennies_from_heaven
D:2:      layout_basic, uniq_crazy_yiuf_cottage
D:3:      layout_rooms, minitemple
D:4:      layout_cave_pools
D:5:      layout_loops_corners, uniq_prince_ribbit1

Skill      XL: |  1  2  3  4  5  6  7 |
---------------+----------------------+-----
Dodging        | 2 3 4 |  4.4
Fighting       | 1 2 3 4 |  4.8
Spellcasting   | 3 4 |  4.6
Conjurations   | 5 6 |  6.1
Stealth        | |  1.7

Action                   |  1- 3 |  4- 6 |  7- 9 || total
-------------------------+-------+-------+-------++-------
Melee: Dagger            |    48 |    40 |    19 ||   107
       Tailslap          |     1 |     3 |     1 ||     5
 Cast: Magic Dart        |    59 |    69 |    15 ||   143
       Searing Ray       |     3 |    11 |     5 ||    19
  Use: Scroll            |       |     6 |     1 ||     7
 Stab: Sleeping          |       |     3 |       ||     3
Armor: Skin              |    20 |    26 |    11 ||    57
Dodge: Dodged            |    31 |    43 |    23 ||    97

Table legend: (Time is in decaauts)
 A = Elapsed time spent in this place.
 B = Non-inter-level travel time spent in this place.
 C = Inter-level travel time spent in this place.
 D = Time resting spent in this place.
 E = Time spent auto-exploring this place.
 F = Levels seen in this place.
 G = Mean time per level.
                   A        B        C        D        E       F      G
               +--------+--------+--------+--------+--------+-----+--------+
         Total |   5117 |   5023 |     94 |   1634 |   2414 |   5 | 1023.4 |
       Dungeon |   5117 |   5023 |     94 |   1634 |   2414 |   5 | 1023.4 |
               +--------+--------+--------+--------+--------+-----+--------+

Top non-repeatable levels by time:
     D:1: 1368 daAuts
     D:2: 1276 daAuts
     D:5: 1066 daAuts
     D:3: 963 daAuts
     D:4: 441 daAuts
